 Dungeon Crawl Stone Soup version 0.29-a0-360-g8ed1089bbe (webtiles) character file.

Game seed: 13076924737274713507

2 dolemite99 the Skirmisher (level 1, 0/18 HPs)
             Began as a Demonspawn Chaos Knight on Apr 29, 2022.
             Was a Plaything of Xom.
             Slain by a blink frog (shapeshifter) (14 damage)
             ... on level 1 of the Dungeon.
             The game lasted 00:00:08 (148 turns).

dolemite99 the Skirmisher (Demonspawn Chaos Knight)  Turns: 148, Time: 00:00:09

Health: 0/18       AC:  5    Str: 12    XL:     1   Next: 33%
Magic:  1/1        EV: 11    Int: 13    God:    Xom [..*...]
Gold:   0          SH:  0    Dex: 12    Spells: 0/0 levels left

rFire   . . .      SeeInvis .   a - +0 spear (chaos)
rCold   . . .      Faith    .   (no shield)
rNeg    . . .      Spirit   .   b - +2 leather armour
rPois   .          Reflect  .   (no helmet)
rElec   .          Harm     .   (no cloak)
rCorr   .          Rampage  .   (no gloves)
Will    .....                   (no boots)
Stlth   +.........              (no amulet)
HPRegen 0.06/turn               (no ring)
MPRegen 0.07/turn               (no ring)

@: no status effects
A: no striking features
a: Renounce Religion


You were on level 1 of the Dungeon.
You worshipped Xom.
You were a toy of Xom.
You visited 1 branch of the dungeon, and saw 1 of its levels.

Inventory:

Hand Weapons
 a - a +0 spear of chaos (weapon)
Armour
 b - a +2 leather armour (worn)
 d - a +0 ring mail
Miscellaneous
 c - a piece from Xom's chessboard (14/15) (quivered)


   Skills:
 - Level 3.0 Fighting
 + Level 2.9 Polearms
 - Level 1.7 Armour
 - Level 0.8 Dodging


You couldn't memorise any spells.
You didn't know any spells.
Your spell library was empty.

Dungeon Overview and Level Annotations

Branches:
Dungeon (1/15)

Altars:


Message History

Okay, then.
Things that are here:
a +0 short sword; a stone
There is a stone staircase leading down here.
Key pressed, stopping explore.
No target in view!
No target in view!
No target in view!
No target in view!
No target in view!
A ball python comes into view.
You make a move on Xom's chessboard...
The ball python hisses angrily.
The ball python is moving more slowly.
A goblin comes into view. It is wielding a +0 club.
The goblin shouts!
You reach to attack!
You hit the goblin. You burn the goblin.
You kill the goblin!
The ball python stops moving altogether!
You reach to attack!
The helpless ball python fails to defend itself.
You hit the ball python.
Nothing appears to happen.
The ball python is severely wounded.
The helpless ball python fails to defend itself.
You hit the ball python.
The ball python changes into a shapeshifter!
Xom thinks this is hilarious!
The shapeshifter is lightly wounded.
The shapeshifter barely misses you.
The shapeshifter attacks as you move away!
The shapeshifter hits you.
The shapeshifter changes into a blink frog!
You reach to attack!
You hit the blink frog.
The blink frog flickers and vanishes!
Deactivating autopickup; reactivate with Ctrl-A.
No target in view!
Something hits you!
Ouch! That really hurt!
You die... "It's all fun and games until someone loses an eye."

#.......#
#.#...###
#######.#...#
###......)#...#
#.............#
+.............#
#..........####
#..........#
#.....=@{..#
#..........#
#..........#
#..........#
.###########


There were no monsters in sight!

Vanquished Creatures
  A goblin (D:1)
  A kobold (D:1)
2 creatures vanquished.

Notes
Turn   | Place    | Note
-------+----------+-------------------------------------------
     0 | D:1      | dolemite99 the Demonspawn Chaos Knight began the quest for
                  | the Orb.
     0 | D:1      | Reached XP level 1. HP: 18/18 MP: 1/1
   145 | D:1      | Noticed a shapeshifter
   145 | D:1      | a ball python changed into a shapeshifter
   146 | D:1      | Noticed a blink frog
   146 | D:1      | a shapeshifter changed into a blink frog
   148 | D:1      | Slain by a blink frog (shapeshifter)

Illustrated notes

Levels and vault maps discovered:
D:1:      kilobyte_arrival_exit_the_forest, layout_basic, minmay_cut_off

Action                   || total
-------------------------++-------
Melee: Spear             ||     6
Evoke: Piece from Xom's  ||     1
 Stab: Petrified         ||     2
Armor: Leather armour    ||     1
Dodge: Dodged            ||     1

Table legend: (Time is in decaauts)
 A = Elapsed time spent in this place.
 B = Non-inter-level travel time spent in this place.
 C = Inter-level travel time spent in this place.
 D = Time resting spent in this place.
 E = Time spent auto-exploring this place.
 F = Levels seen in this place.
 G = Mean time per level.
                   A        B        C        D        E       F      G
               +--------+--------+--------+--------+--------+-----+--------+
         Total |    148 |    148 |      0 |      0 |    126 |   1 |  148.0 |
       Dungeon |    148 |    148 |      0 |      0 |    126 |   1 |  148.0 |
               +--------+--------+--------+--------+--------+-----+--------+

Top non-repeatable levels by time:
     D:1: 148 daAuts
